 Dungeon Crawl Stone Soup version 0.21-a0-504-g2eda33064f (webtiles) character file.

29 Kaname the Magician (level 3, 16/24 HPs)
             Began as a Demonspawn Wizard on Nov 26, 2017.
             Quit the game on level 1 of the Dungeon.
             The game lasted 00:02:23 (650 turns).

Kaname the Magician (Demonspawn Wizard)              Turns: 650, Time: 00:02:23

Health: 16/24      AC:  2    Str:  7    XL:     3   Next: 1%
Magic:  2/7        EV: 12    Int: 20    God:
Gold:   66         SH:  0    Dex: 13    Spells: 5/8 levels left

rFire    . . .     SeeInvis .   h - +1 mace (drain)
rCold    + . .     Gourm    .   (no shield)
rNeg     . . .     Faith    .   a - +0 robe
rPois    .         Spirit   .   b - +0 hat
rElec    .         Reflect  .   (no cloak)
rCorr    .         Harm     .   (no gloves)
MR       .....                  (no boots)
Stlth    ++........             (no amulet)
HPRegen  0.08/turn              g - +2 ring of dexterity
MPRegen  0.10/turn              (no ring)

@: no status effects
A: talons 1, cold resistance 1
a: no special abilities


You were on level 1 of the Dungeon.
You were not hungry.

You visited 1 branch of the dungeon, and saw 1 of its levels.

You collected 66 gold pieces.

Inventory:

Hand Weapons
 h - a +1 mace of draining (weapon)
Armour
 a - a +0 robe (worn)
 b - a +0 hat (worn)
Jewellery
 g - a +2 ring of dexterity (left hand)
Scrolls
 e - 2 scrolls of remove curse {unknown}
 f - a scroll of identify {unknown}
Potions
 i - a potion of berserk rage {unknown}
 j - a potion of curing {unknown}
Books
 c - a book of Minor Magic

   Spells                             Type                      Level
   a - Magic Dart                     Conjuration                  1
   b - Blink                          Translocation                2
   c - Call Imp                       Summoning                    2
   d - Slow                           Hexes                        2
   e - Conjure Flame                  Conjuration/Fire             3
   f - Mephitic Cloud                 Conjuration/Poison/Air       3
Comestibles
 d - a bread ration
 k - 2 chunks of flesh


   Skills:
 - Level 1.7 Dodging
 - Level 1.7 Stealth
 - Level 3.0 Spellcasting
 + Level 3.0 Conjurations
   Level 1.0 Summonings
 - Level 0.8 Translocations


You had 5 spell levels left.
You knew the following spells:

 Your Spells              Type           Power        Failure   Level  Hunger
a - Magic Dart            Conj           ###.         4%          1    None
b - Blink                 Tloc           N/A          16%         2    ##.....


Dungeon Overview and Level Annotations

Branches:
Dungeon (1/15)

Altars:


Innate Abilities, Weirdness & Mutations

You have sharp toenails.
Your flesh is cold resistant. (rC+)


Message History

You kill the hobgoblin!
Your Conjurations skill increases to level 3!
A goblin comes into view.
Casting: Magic Dart
Confirm with . or Enter, or press ? or * to list all spells.
Aiming: Magic Dart
Press: ? - help, Shift-Dir - straight line, f - goblin
Aim: a goblin (hasn't noticed you)
The magic dart hits the goblin.
You kill the goblin!
You have reached level 3!
Your experience leads to an increase in your attributes!
Your base attributes are Str 7, Int 19, Dex 11.
Increase (S)trength, (I)ntelligence, or (D)exterity?
You feel clever.
You feel monstrous as your demonic heritage exerts itself.
Your demonic ancestry asserts itself...
Your toenails lengthen and sharpen.
Unknown command.
Are you sure you want to abandon this character and quit the game? (Confirm with "yes".)

### ###.####.# ..#
#######........# ..#
#..............# ..#
#.....†........## ..###
#.................
....####.............####
#....................#
#...####.............###
##### #........@....).†
#.............###
#......######## ########


There were no monsters in sight!

Vanquished Creatures
  2 dart slugs (D:1)
  4 bats (D:1)
  2 giant cockroaches (D:1)
  2 goblins (D:1)
  3 hobgoblins (D:1)
  4 frilled lizards (D:1)
  5 kobolds (D:1)
  4 rats (D:1)
26 creatures vanquished.

Notes
Turn   | Place    | Note
-------+----------+-------------------------------------------
     0 | D:1      | Kaname the Demonspawn Wizard began the quest for the Orb.
     0 | D:1      | Reached XP level 1. HP: 13/13 MP: 4/4
   290 | D:1      | Gained mutation: Your flesh is cold resistant. (rC+) [demonic ancestry]
   290 | D:1      | Reached XP level 2. HP: 19/19 MP: 0/6
   294 | D:1      | Learned a level 2 spell: Blink
   649 | D:1      | Gained mutation: You have sharp toenails. [demonic ancestry]
   649 | D:1      | Reached XP level 3. HP: 16/24 MP: 2/7
   650 | D:1      | Quit the game

Vault maps used:
D:1:      dpeg_arrival_rooms_with_view

Skill      XL: |  1  2 |
---------------+-------+-----
Conjurations   | 2 3 |  3.0
Dodging        | |  1.7
Stealth        | |  1.7
Spellcasting   | |  3.0
Summonings     | |  1.0
Translocations | |  0.8

Action                   || total
-------------------------++-------
Melee: Unarmed           ||     7
       Short sword       ||    14
       Mace              ||    14
 Cast: Magic Dart        ||    37
Armor: Robe              ||     1
Dodge: Dodged            ||    19

Table legend:
 A = Spawn XP
 B = Non-spawn XP
 C = Spawn XP percentage of total XP
 D = Spawn monster count
 E = Non-spawn monster count
 F = Spawn count percentage of total count
 G = Total turns spent on level
                    A         B        C        D         E        F      G
               +---------+---------+-------+---------+---------+-------+---------
         Total |       0 |      42 |   0.0 |       0 |      26 |   0.0 |   650
               +---------+---------+-------+---------+---------+-------+---------
           D:1 |       0 |      42 |   0.0 |       0 |      26 |   0.0 |   650
               +---------+---------+-------+---------+---------+-------+---------
